Map: Nightscape LE

Players

Stevie

  • Race: Terran Terran
  • League: Gold
  • Spawn Location: 7:00

turboPasqual

  • Race: Zerg Zerg
  • Spawn Location: 7:00

Massa - Winner!

  • Race: Terran Terran
  • League: Platinum
  • Spawn Location: 1:00

qqq - Winner!

  • Race: Zerg Zerg
  • Spawn Location: 1:00

VOD

Have the link to the VOD?

Description

Time

  • Played on: Nov. 12, 2020, 2:48 p.m.
  • Length: 9:27
Show
View Real Time Build Order
Export as new Build Order

Stevie Terran 

Build Orders: Command Center First (CC) 

Get SALT Encoding   

  12  0:00  SCV  
  13  0:18  SCV  
  14  0:24  Supply Depot  
  14  0:30  SCV  
  15  0:45  SCV  
  16  0:58  SCV  
  16  1:03  Command Center  
  17  1:18  SCV  
  18  1:22  Barracks  
  18  1:36  SCV  
  18  1:38  Barracks  
  19  1:50  SCV  
  19  1:55  Barracks  
  19  2:16  SCV  
  20  2:29  Marine  
  21  2:30  Marine  
  21  2:31  Supply Depot  
  21  2:35  SCV  
  21  2:48  Marine  
  21  2:53  SCV  
  21  2:55  Refinery  
  21  2:56  Orbital Command  
  22  3:05  SCV  
  23  3:09  Refinery  
  23  3:10  Refinery  
  23  3:14  Refinery  
  23  3:17  SCV  
  24  3:22  Marine  
  24  3:23  Marine  
  24  3:24  Barracks  
  26  3:29  SCV  
  26  3:32  Bunker  
  26  3:34  SCV  
  28  3:39  Marine  
  29  3:46  Barracks Tech Lab  
  29  3:50  Marine  
  29  3:51  SCV  
  29  3:53  SCV  
  32  4:06  Orbital Command  
  32  4:15  Barracks Reactor  
  32  4:16  Marine x2  
  34  4:30  Bunker  
  34  4:32  Marine  
  34  4:35  Marauder  
  38  4:38  SCV  
  38  4:40  Marine  
  39  4:50  Marine  
  40  4:55  Factory  
  40  5:05  Marine  
  40  5:06  Marine  
  41  5:07  Marine x2  
  41  5:08  Marine  
  44  5:22  Engineering Bay  
  44  5:24  Supply Depot  
  45  5:28  SCV x2  
  45  5:29  Factory  
  45  5:31  Concussive Shells  
  46  5:45  Factory Tech Lab, Marine x3  
  46  5:46  SCV x2, Marauder  
  53  5:51  Missile Turret  
  53  5:58  SCV  
  54  6:12  Factory Tech Lab  
  54  6:14  Stimpack  
  54  6:16  Infernal Pre-Igniter  
  54  6:19  Supply Depot  
  54  6:36  Starport  
  54  6:40  SCV x2, Hellion, Marine, Siege Tank  
  54  6:43  Supply Depot  
  62  7:00  Armory  
  62  7:03  Missile Turret  
  62  7:04  Marine x2  
  62  7:05  SCV x2, Marauder  
  62  7:06  Marine  
  69  7:17  SCV  
  69  7:21  Starport  
  70  7:51  Supply Depot  
  70  7:54  Supply Depot  
  70  7:59  Starport Tech Lab  
  70  8:03  Starport Tech Lab  
  70  8:05  Supply Depot  
  70  8:12  Marine x2, Thor  
  70  8:13  Missile Turret  
  70  8:15  SCV x2, Marine x2, Siege Tank  
  85  8:27  SCV x2, Command Center  
  85  8:31  Banshee  
  85  8:32  Medivac  
  85  8:33  Marine x2  
  94  9:01  Missile Turret  
  94  9:04  Missile Turret  
  94  9:06  Marine, Missile Turret  
  94  9:07  Missile Turret  
  94  9:08  Marine x2  
Show
View Real Time Build Order
Export as new Build Order

turboPasqual Zerg 

Build Orders: Hatch First 

Get SALT Encoding   

  12  0:00  Drone  
  13  0:12  Overlord  
  13  0:16  Drone  
  14  0:32  Drone x2  
  16  0:51  Hatchery  
  16  0:55  Drone  
  16  0:58  Drone  
  17  1:05  Drone  
  17  1:10  Extractor  
  16  1:21  Spawning Pool  
  16  1:23  Drone  
  16  1:26  Drone  
  17  1:36  Drone  
  18  1:43  Overlord  
  18  2:09  Queen x2  
  18  2:12  Zergling x2  
  18  2:13  Zergling x4  
  25  2:18  Metabolic Boost  
  25  2:23  Zergling x2  
  25  2:24  Zergling x2  
  27  2:42  Drone x4  
  31  2:48  Queen  
  33  3:01  Drone x3  
  36  3:06  Overlord  
  36  3:13  Overlord  
  36  3:25  Zergling x6  
  36  3:26  Zergling x8  
  43  3:32  Drone x2  
  45  3:45  Drone x2  
  47  3:56  Drone x5  
  52  4:06  Lair  
  52  4:09  Extractor  
  49  4:26  Drone x2  
  49  4:27  Overlord x2, Baneling Nest  
  50  4:32  Spine Crawler, Overlord  
  50  4:35  Spine Crawler  
  48  4:40  Overlord  
  48  4:42  Extractor  
  48  4:44  Extractor  
  46  4:59  Roach Warren  
  43  5:01  Overlord  
  43  5:11  Baneling x4  
  43  5:12  Baneling x3  
  43  5:14  Drone x3  
  43  5:15  Drone x8  
  43  5:16  Drone  
  54  5:36  Baneling  
  54  5:37  Baneling x3, Zergling x2  
  54  5:38  Zergling x14  
  57  6:10  Baneling x2  
  57  6:11  Baneling x3, Overlord x2  
  55  6:14  Glial Reconstitution  
  55  6:16  Drone x4  
  59  6:24  Roach  
  61  6:28  Drone  
  62  6:34  Spore Crawler  
  62  6:35  Spore Crawler x2  
  62  6:36  Roach  
  61  6:43  Centrifical Hooks  
  61  6:46  Roach x5  
  61  6:47  Roach x2  
  75  6:50  Drone  
  76  7:11  Roach  
  76  7:12  Roach x3  
  84  7:16  Evolution Chamber  
  84  7:17  Evolution Chamber  
  84  7:19  Drone x3  
  84  7:20  Drone  
  78  7:41  Drone  
  78  7:42  Drone  
  80  7:53  Queen x2  
  84  8:23  Spire  
  84  8:24  Hatchery  
  84  8:26  Extractor  
  81  8:27  Extractor  
  81  8:29  Pneumatized Carapace  
  79  8:54  Hatchery, Hydralisk Den  
  78  8:56  Spore Crawler  
  78  8:57  Spore Crawler  
  78  8:58  Spore Crawler  
  53  9:03  Spore Crawler x2  
Show
View Real Time Build Order
Export as new Build Order

Massa Terran - Winner!

Build Orders:  

Get SALT Encoding   

  12  0:00  SCV  
  13  0:12  SCV  
  14  0:22  Supply Depot  
  14  0:24  SCV  
  15  0:44  SCV  
  15  0:45  Barracks  
  15  0:47  Refinery  
  16  0:56  SCV  
  17  1:08  SCV  
  18  1:20  SCV  
  19  1:32  SCV  
  20  1:33  Reaper  
  21  1:41  Command Center  
  21  1:47  Orbital Command  
  21  2:05  Marine  
  22  2:13  Factory  
  22  2:14  SCV  
  23  2:25  Barracks  
  23  2:55  Barracks Reactor  
  23  2:57  Hellion  
  25  3:01  Orbital Command  
  25  3:02  SCV  
  26  3:09  Bunker  
  26  3:13  Starport  
  26  3:14  SCV  
  26  3:19  Hellion  
  29  3:26  SCV  
  30  3:27  Barracks  
  30  3:29  Barracks Tech Lab  
  30  3:30  SCV  
  31  3:37  Refinery  
  31  3:38  SCV  
  31  3:40  Hellion  
  34  3:41  Marine x2  
  34  3:42  SCV  
  37  3:50  SCV  
  37  3:53  Stimpack  
  38  4:00  Marine  
  38  4:06  Supply Depot  
  38  4:07  Supply Depot  
  38  4:27  Marine x2  
  38  4:28  SCV, Hellion  
  38  4:30  Barracks Reactor, Marine  
  44  4:38  Refinery  
  44  4:42  Starport Reactor  
  44  4:45  Marine x2  
  44  4:47  Command Center  
  44  4:48  Marine  
  47  5:04  Marauder  
  47  5:05  Marine  
  47  5:06  Marine  
  51  5:08  SCV x2  
  53  5:14  Supply Depot x2  
  53  5:19  Marine  
  54  5:21  Factory Tech Lab  
  54  5:35  SCV x2, Marine x3  
  54  5:36  Marauder  
  54  5:39  Supply Depot  
  61  5:48  SCV  
  62  5:53  Medivac  
  63  6:11  Marauder, Marine x2  
  63  6:12  Marine x2  
  63  6:13  Siege Tank  
  63  6:14  Medivac  
  74  6:23  Medivac  
  74  6:24  Combat Shield  
  76  6:33  Marauder  
  78  6:46  Siege Tank  
  83  6:54  Marauder, Engineering Bay  
  81  7:29  Marauder, Marine x2  
  81  7:37  Siege Tank  
  81  7:38  Marine  
  81  7:39  Marine  
  81  7:41  Medivac  
  88  7:47  Marine x2  
  88  7:50  Marauder  
  92  7:54  Orbital Command  
  92  7:56  SCV  
  93  8:02  Supply Depot x2  
  93  8:05  Missile Turret  
  93  8:06  Missile Turret, Supply Depot  
  93  8:07  Supply Depot  
  93  8:13  Refinery  
  93  8:23  Marine x2  
  93  8:24  SCV x2, Marauder, Siege Tank  
  93  8:26  Missile Turret  
  102  8:36  SCV x2  
  104  8:42  Missile Turret  
  104  8:44  Missile Turret  
  104  8:45  Marauder, Missile Turret x2  
  104  8:46  Missile Turret  
  104  8:48  SCV  
  103  9:08  Marine  
  103  9:09  Marine x3  
Show
View Real Time Build Order
Export as new Build Order

qqq Zerg - Winner!

Build Orders: Hatch First, Zergling Baneling 

Get SALT Encoding   

  12  0:00  Drone  
  13  0:08  Drone  
  14  0:38  Hatchery  
  13  0:43  Drone  
  14  0:56  Spawning Pool  
  13  1:05  Overlord  
  13  1:09  Drone  
  14  1:22  Extractor, Drone  
  14  1:25  Drone  
  15  1:36  Drone  
  16  1:43  Drone  
  17  1:49  Queen  
  17  1:52  Drone  
  20  2:03  Drone  
  21  2:14  Drone x3  
  25  2:15  Drone  
  24  2:23  Zergling x2  
  24  2:24  Metabolic Boost  
  24  2:28  Drone  
  26  2:34  Queen  
  28  2:40  Overlord  
  28  2:46  Baneling Nest  
  28  2:48  Drone  
  28  2:56  Overlord  
  28  2:58  Zergling x2  
  29  2:59  Zergling x2  
  29  3:01  Zergling x2  
  29  3:05  Zergling x2  
  32  3:07  Zergling x2  
  32  3:10  Zergling x2  
  34  3:18  Zergling x2  
  34  3:19  Drone, Zergling x2  
  37  3:27  Drone  
  37  3:30  Baneling  
  37  3:31  Baneling x4  
  38  3:35  Extractor, Drone  
  38  3:39  Drone  
  38  3:40  Drone  
  40  3:49  Drone x3  
  40  3:51  Drone  
  44  4:04  Overlord  
  44  4:05  Overlord  
  44  4:20  Hatchery  
  42  4:25  Zergling x8  
  42  4:26  Drone x2  
  48  4:34  Lair  
  48  4:35  Drone  
  48  4:36  Drone  
  50  4:54  Baneling x7  
  50  4:55  Baneling  
  50  4:57  Zergling x6  
  50  4:58  Drone x3  
  54  5:09  Drone  
  55  5:16  Extractor  
  55  5:17  Extractor  
  52  5:36  Zergling x4, Overlord  
  52  5:37  Drone x3  
  52  5:40  Queen  
  58  5:46  Spire  
  56  5:52  Drone x2  
  56  5:53  Drone x3  
  56  5:54  Zergling x2  
  61  6:09  Baneling x3  
  61  6:10  Drone x3  
  63  6:26  Drone x2  
  63  6:31  Overlord x3  
  63  6:32  Drone x4  
  69  6:39  Hatchery  
  68  6:41  Drone  
  68  6:46  Drone, Evolution Chamber  
  69  6:47  Evolution Chamber  
  69  6:49  Drone  
  69  6:55  Zergling x4  
  69  6:56  Zergling x4  
  69  6:57  Zergling x2  
  69  6:58  Drone  
  75  7:05  Hatchery  
  75  7:08  Mutalisk x2  
  74  7:11  Drone  
  79  7:27  Drone  
  74  7:37  Mutalisk x5  
  74  7:38  Mutalisk x3  
  74  7:40  Drone  
  91  7:51  Hatchery  
  91  7:58  Zergling x8  
  93  8:00  Baneling x2  
  93  8:01  Baneling x6  
  93  8:02  Drone x4  
  98  8:13  Mutalisk  
  98  8:14  Zergling x2  
  98  8:15  Zergling x4  
  98  8:17  Overlord  
  98  8:18  Extractor, Overlord x2  
  102  8:24  Drone x3  
  105  8:36  Infestation Pit  
  104  8:46  Hatchery  
  104  8:48  Hatchery  
Tags
 
Add a new tag
Caveats
  • Supply blocks, unpowered buildings, or Contaminate may cause inaccurate times.
  • Supply counts are checked every 10 seconds.